 Dungeon Crawl Stone Soup version 0.17.1-3-g152610e (webtiles) character file.

257 engine7v the Chopper (level 6, -4/53 HPs)
             Began as a Hill Orc Berserker on Mar 8, 2016.
             Was a Priest of Trog.
             Slain by a gnoll
             ... wielding a +0 spear
              (6 damage)
             ... on level 4 of the Dungeon.
             The game lasted 00:34:48 (4598 turns).

engine7v the Chopper (Hill Orc Berserker)           Turns: 4598, Time: 00:34:48

Health: -4/53      AC:  5    Str: 22    XL:     6   Next: 16%
Magic:  15/15      EV:  9    Int:  7    God:    Trog [***...]
Gold:   5          SH:  8    Dex: 10    Spells: 0 memorised, 5 levels left

rFire  . . .     SeeInvis .     a - +0 hand axe
rCold  . . .     Clarity  .     c - +0 ring mail
rNeg   . . .     SustAt   .     k - +0 shield
rPois  .         Gourm    .     (no helmet)
rElec  .         Spirit   .     (no cloak)
rCorr  .         Warding  .     (no gloves)
rMut   .         Stasis   .     (no boots)
MR     .....                    (no amulet)
Stlth  +.........               (no ring)
                                r - ring of magical power

@: exhausted, slowed, very slow, not resistant to hostile enchantments, very
unstealthy
A: no striking features
a: Berserk, Trog's Hand, Burn Spellbooks, Renounce Religion


You were on level 4 of the Dungeon.
You worshipped Trog.
Trog was most pleased with you.
You were not hungry.

You visited 1 branch of the dungeon, and saw 4 of its levels.

You collected 154 gold pieces.
You spent 149 gold pieces at shops.

Inventory:

Hand Weapons
 a - a +0 hand axe (weapon)
Armour
 c - a +0 ring mail (worn)
 k - a +0 shield (worn)
Jewellery
 r - a ring of magical power (left hand)
Wands
 b - a wand of lightning (7)
 q - a wand of slowing (23)
 t - a wand of random effects (21)
Scrolls
 e - 4 scrolls of teleportation
 l - a scroll of recharging
 u - a scroll of magic mapping {unknown}
 v - 2 scrolls of identify
 w - a scroll of enchant armour {unknown}
Potions
 d - a potion of degeneration {unknown}
 f - 3 potions of might
 h - 2 potions of curing {unknown}
 j - a potion of magic {unknown}
 m - a potion of heal wounds {unknown}
 n - 2 potions of flight {unknown}
 p - a potion of poison {unknown}
Comestibles
 g - 2 fruits
 i - 3 bread rations
 o - 2 slices of pizza
 s - a meat ration


   Skills:
 + Level 4.7 Fighting
 + Level 5.9 Axes
 + Level 3.5 Armour
 + Level 2.9 Dodging
 + Level 0.3 Stealth
 + Level 0.7 Shields


You had 5 spell levels left.
You didn't know any spells.

Dungeon Overview and Level Annotations

Branches:
Dungeon (4/15)
 Temple: D:4-7

Altars:
Elyvilon
Nemelex Xobeh
Okawaru
Ru
Trog

Shops:
D:4 }}%

Portals:
Sewer: D:4


Message History

The gnoll hits you from afar with a spear.
* * * LOW HITPOINT WARNING * * *
You block the gnoll's attack. The gnoll hits you but does no damage.
A giant frog skeleton comes into view.
The gnoll barely misses you. The gnoll closely misses you.
There is an open door here.
The gnoll hits you but does no damage.
There is an entrance to Firchinui's Gadget Boutique here.
You open the door. The gnoll barely misses you. The gnoll hits you with a whip.
* * * LOW HITPOINT WARNING * * *
There is an open door here.
The rat bites you.
* * * LOW HITPOINT WARNING * * *
The gnoll barely misses you. The rat bites you but does no damage.
You block the gnoll's attack. The rat closely misses you. The rat bites you.
* * * LOW HITPOINT WARNING * * *
The gnoll hits you from afar with a spear.
You die...

..............##
....########..##
...## ##..# .###
#..# ## ##.## #
#..# # ##.##
#..#
##@############
#.rg..#.......
#g#g#.#.......
#.g∩'.#...≈≈≈.
###'###..≈≈≈≈≈
#.##...≈≈∩≈≈
##..#...≈≈≈≈≈
#....†)g.≈≈≈.
#..##.†......


You could see 4 gnolls and a rat.

Vanquished Creatures
  A scorpion (D:4)
  An orc wizard (D:4)
  A gnoll shaman (D:4)
  Natasha (D:2)
  4 adders
  7 worms
  2 giant geckos
  5 orcs
  8 ball pythons
  2 bats
  9 hobgoblins
  5 jackals (D:1)
  5 kobolds
  2 quokkas
  5 giant cockroaches
  A giant newt (D:3)
  11 goblins
  5 rats
75 creatures vanquished.

Notes
Turn   | Place    | Note
--------------------------------------------------------------
     0 | D:1      | engine7v the Hill Orc Berserker began the quest for the Orb.
     0 | D:1      | Reached XP level 1. HP: 19/19 MP: 1/1
   248 | D:1      | Reached XP level 2. HP: 13/27 MP: 2/2
   930 | D:1      | Reached ** piety under Trog
   930 | D:1      | Reached XP level 3. HP: 14/33 MP: 3/3
  1449 | D:2      | Reached skill level 5 in Axes
  2334 | D:2      | Reached XP level 4. HP: 34/41 MP: 4/4
  2778 | D:2      | Noticed Natasha
  2803 | D:2      | Killed Natasha
  3432 | D:3      | Reached XP level 5. HP: 42/47 MP: 5/5
  3861 | D:3      | Found a bloodstained altar of Trog.
  3861 | D:3      | Found a sparkling altar of Nemelex Xobeh.
  3864 | D:3      | Found an iron altar of Okawaru.
  3869 | D:3      | Found a white marble altar of Elyvilon.
  3900 | D:3      | Reached *** piety under Trog
  3980 | D:4      | Found Pathool's Food Boutique.
  3985 | D:4      | Bought a bread ration for 65 gold pieces
  3985 | D:4      | Bought a meat ration for 65 gold pieces
  3985 | D:4      | Bought a slice of pizza for 19 gold pieces
  4085 | D:4      | Found a sacrificial altar of Ru.
  4307 | D:4      | Found Lyname's Gadget Shop.
  4544 | D:4      | Found Firchinui's Gadget Boutique.
  4554 | D:4      | Found a glowing drain.
  4563 | D:4      | Reached XP level 6. HP: 50/53 MP: 6/6
  4598 | D:4      | HP: 2/53 [rat (1)]
  4598 | D:4      | Slain by a gnoll

Action                   |  1- 3 |  4- 6 || total
-------------------------+-------+-------++-------
Melee: Hand axe          |   123 |   186 ||   309
Invok: Berserk           |     1 |     2 ||     3
  Use: Scroll            |     4 |     2 ||     6
  Eat: Bread ration      |     1 |     1 ||     2
       Pizza             |     1 |       ||     1
       Meat ration       |       |     1 ||     1
       Fruit             |       |     1 ||     1
